 Dungeon Crawl Stone Soup version 0.30-a0-266-g2b27a225a3 (console) character file.

Game seed: 1725402210382803942

138043 Ignak the Thaumaturge (level 17, -5/133 HPs)
             Began as a Gnoll Hedge Wizard on Oct 14, 2022.
             Was a High Priest of Sif Muna.
             Slain by Mlioglotl (25 damage)
             ... on level 2 of the Snake Pit.
             The game lasted 02:10:19 (25637 turns).

Ignak the Thaumaturge (Gnoll Hedge Wizard)         Turns: 25637, Time: 02:10:21

Health: -5/133     AC: 28    Str: 10    XL:     17   Next: 25%
Magic:  5/34       EV: 17    Int: 24    God:    Sif Muna [*****.]
Gold:   1903       SH:  0    Dex: 16    Spells: 5/43 levels left

rFire   . . .      SeeInvis +      - Unarmed
rCold   + + .      Faith    .    (shield currently unavailable)
rNeg    + . .      Spirit   .    Y - +1 ice dragon scales of Vehumet's Delight {rF- rC++ Stlth+}
rPois   +          Reflect  .    p - +2 helmet {SInv}
rElec   +          Harm     .    W - +1 cloak {rF+}
rCorr   .          Rampage  .    (gloves currently unavailable)
Will    +....                    V - +2 pair of boots {Stlth+}
Stlth   ++++++....               g - amulet "Nuleu" {RegenMP Str+5 Int+4}
HPRegen 0.42/turn                E - ring of Jyabuil {Fly rN+ EV+4 Int+3}
MPRegen 0.64/turn                Z - ring "Rifopsoism" {rElec rPois AC+4 Str-4 Int-3}

@: about to teleport, blade hands, afraid, flying, slightly contaminated
A: fangs 1, strong nose, distributed training, agile 1, MP-powered wands, noise
suppression
a: End Transformation, Renounce Religion, Channel Magic, Forget Spell, Divine
Exegesis


You were on level 2 of the Snake Pit.
You worshipped Sif Muna.
Sif Muna was extremely pleased with you.
You had blades for hands.
You visited 5 branches of the dungeon, and saw 25 of its levels.
You also visited: Bailey, Gauntlet, Ice Cave and Volcano.

You collected 3477 gold pieces.
You spent 1574 gold pieces at shops.

Inventory:

Hand Weapons
 a - the +5 dagger of the End (melded) {vamp, rPois SInv}
   (You found it on level 2 of the Dungeon)

   It occasionally heals its wielder for a portion of the damage dealt when it
   wounds a living foe.
   rPois:     It protects you from poison.
   SInv:      It lets you see invisible.
 b - the +9 whip of Danops {speed, Str+6}
   (You found it in a Gauntlet)

   Attacks with this weapon are significantly faster.
   Str:       It affects your strength (+6).
 I - a +0 rapier
Missiles
 l - 26 poisoned darts (quivered)
Armour
 h - a +1 kite shield of cold resistance
 p - a +2 helmet of see invisible (worn)
 z - a +0 troll leather armour
 G - the +5 kite shield of the Yeti (melded) {rC- rN+++ Will+++ Slay-3}
   (You took it off Asterion on level 1 of the Snake Pit)

   Slay:      It affects your accuracy & damage with ranged weapons and melee
   (-3).
   rC:        It makes you vulnerable to cold.
   rN:        It renders you almost immune to negative energy.
   Will:      It greatly increases your willpower.
 H - a scarf of shadows
 P - a +2 pair of gloves (melded)
 V - a +2 pair of boots of stealth (worn)
 W - a +1 cloak of fire resistance (worn)
 Y - the +1 ice dragon scales of Vehumet's Delight (worn) {rF- rC++ Stlth+}
   (You found it in an ice cave)

   rF:        It makes you vulnerable to fire.
   rC:        It greatly protects you from cold.
   Stlth:     It makes you more stealthy.
Jewellery
 g - the amulet "Nuleu" (around neck) {RegenMP Str+5 Int+4}
   (You acquired it in a bailey)

   [amulet of magic regeneration]

   It increases your rate of magic regeneration.
   Str:       It affects your strength (+5).
   Int:       It affects your intelligence (+4).
 j - the ring of Cievvugiu {rPois rC+++ Will- Str+6}
   (You found it on level 5 of the Lair of Beasts)

   [ring of poison resistance]

   Str:       It affects your strength (+6).
   rC:        It renders you almost immune to cold.
   rPois:     It protects you from poison.
   Will:      It decreases your willpower.
 k - the ring "Yblaku Umpy" {rF+ rCorr}
   (You found it on level 1 of the Lair of Beasts)

   [ring of resist corrosion]

   rF:        It protects you from fire.
   rCorr:     It protects you from acid and corrosion.
 x - a ring of fire
 E - the ring of Jyabuil (left blade hand) {Fly rN+ EV+4 Int+3}
   (You bought it in a shop on level 1 of the Snake Pit)

   [ring of evasion]

   EV:        It affects your evasion (+4).
   Int:       It affects your intelligence (+3).
   rN:        It protects you from negative energy.
   Fly:       It grants you flight.
 N - the ring of Zegev {rCorr Str+3 Dex+6}
   (You found it in a Gauntlet)

   [ring of dexterity]

   Str:       It affects your strength (+3).
   Dex:       It affects your dexterity (+6).
   rCorr:     It protects you from acid and corrosion.
 T - the ring of Vivedase {rF+ Will+ Str+3}
   (You bought it in a shop on level 1 of the Snake Pit)

   [ring of protection from fire]

   Str:       It affects your strength (+3).
   rF:        It protects you from fire.
   Will:      It increases your willpower.
 X - a ring of flight
 Z - the ring "Rifopsoism" (right blade hand) {rElec rPois AC+4 Str-4 Int-3}
   (You found it in an ice cave)

   [ring of protection]

   AC:        It affects your AC (+4).
   Str:       It affects your strength (-4).
   Int:       It affects your intelligence (-3).
   rElec:     It insulates you from electricity.
   rPois:     It protects you from poison.
Wands
 e - a wand of flame (66)
 f - a wand of mindburst (4)
 o - a wand of digging (2)
 B - a wand of paralysis (17)
 J - a wand of light (3)
 M - a wand of roots (11)
 S - a wand of polymorph (5)
Scrolls
 c - 10 scrolls of identify
 q - 9 scrolls of teleportation
 F - a scroll of brand weapon
 K - 3 scrolls of blinking
 L - 6 scrolls of poison
 O - 6 scrolls of enchant weapon
 Q - a scroll of butterflies
 R - 2 scrolls of magic mapping
Potions
 d - 4 potions of magic
 i - 3 potions of flight
 m - 3 potions of haste
 n - 2 potions of resistance
 r - 6 potions of might
 s - 2 potions of lignification
 t - a potion of invisibility
 v - 12 potions of curing
 A - 2 potions of berserk rage
 C - 2 potions of ambrosia
 D - 2 potions of brilliance
 U - 5 potions of heal wounds


   Skills:
 + Level 11.8 Fighting
 + Level 11.8 Short Blades
 + Level 11.8 Long Blades
 + Level 11.8 Axes
 + Level 11.8 Maces & Flails
 + Level 11.8 Polearms
 + Level 11.8 Staves
 + Level 11.8 Ranged Weapons
 + Level 11.8 Throwing
 + Level 11.8 Armour
 + Level 12.6 Dodging
 + Level 12.5 Stealth
 + Level 11.8 Shields
 + Level 11.8 Unarmed Combat
 + Level 13.6 Spellcasting
 + Level 10.2 Conjurations
 + Level 10.0 Hexes
 + Level 10.2 Summonings
 + Level 10.0 Necromancy
 + Level 10.2 Translocations
 + Level 10.0 Transmutations
 + Level 10.0 Fire Magic
 + Level 10.0 Ice Magic
 + Level 10.0 Air Magic
 + Level 10.0 Earth Magic
 + Level 10.0 Poison Magic
 + Level 12.8 Invocations
 + Level 11.8 Evocations


You had 5 spell levels left.
You knew the following spells:

 Your Spells              Type           Power      Damage    Failure   Level
a - Magic Dart            Conj           100%       1d8       10%         1
b - Blink                 Tloc           100%       N/A       12%         2
c - Ensorcelled Hibernat  Hex/Ice        100%       N/A       12%         2
d - Mephitic Cloud        Conj/Pois/Air  60%        N/A       16%         3
e - Blade Hands           Tmut           29%        N/A       45%         5
f - Flame Wave            Conj/Fire      60%        2d14      26%         4
g - Dispel Undead         Necr           59%        3d21      28%         4
h - Sticky Flame          Conj/Fire      60%        2d8       26%         4
q - Arcjolt               Conj/Air       30%        1d40      45%         5
v - Freezing Cloud        Conj/Ice/Air   30%        6-21      45%         5
z - Ozocubu's Armour      Ice            59%        N/A       16%         3

Your spell library contained the following spells:

 Spells                   Type           Power      Damage    Failure   Level
 Apportation              Tloc           100%       N/A       10%         1
 Sandblast                Erth           100%       2d20      11%         1
 Shock                    Conj/Air       100%       1d9       11%         1
 Slow                     Hex            100%       N/A       11%         1
 Call Imp                 Summ           60%        N/A       12%         2
 Cigotuvi's Dreadful Rot  Necr/Pois/Air  100%       N/A       12%         2
 Momentum Strike          Conj/Tloc      100%       3d10      12%         2
 Poisonous Vapours        Pois/Air       100%       N/A       12%         2
 Searing Ray              Conj           100%       2d8       12%         2
 Sublimation of Blood     Necr           59%        N/A       12%         2
 Wereblood                Tmut           59%        N/A       12%         2
 Gell's Gravitas          Tloc           60%        N/A       14%         3
 Lesser Beckoning         Tloc           100%       N/A       14%         3
 Teleport Other           Tloc           60%        N/A       14%         3
 Inner Flame              Hex/Fire       59%        N/A       16%         3
 Portal Projectile        Hex/Tloc       100%       N/A       16%         3
 Spider Form              Tmut/Pois      59%        N/A       16%         3
 Summon Guardian Golem    Hex/Summ       60%        N/A       16%         3
 Tukima's Dance           Hex            59%        N/A       16%         3
 Vhi's Electric Charge    Tloc/Air       100%       N/A       16%         3
 Fulminant Prism          Conj/Hex       30%        3d16      26%         4
 Manifold Assault         Tloc           60%        N/A       26%         4
 Summon Lightning Spire   Summ/Air       60%        N/A       26%         4
 Anguish                  Hex/Necr       29%        N/A       28%         4
 Cause Fear               Hex            29%        N/A       28%         4
 Petrify                  Tmut/Erth      59%        N/A       28%         4
 Alistair's Intoxication  Tmut/Pois      39%        N/A       45%         5
 Lightning Bolt           Conj/Air       30%        1d47      45%         5
 Silence                  Hex/Air        29%        N/A       45%         5
 Dispersal                Tloc           30%        N/A       83%         6
 Summon Cactus Giant      Summ           30%        N/A       83%         6
 Death Channel            Necr           29%        N/A       86%         6
 Orb of Destruction       Conj           30%        9d10      99%         7
 Spellforged Servitor     Conj/Summ      30%        N/A       99%         7
 Summon Hydra             Summ           30%        N/A       99%         7
 Dragon Form              Tmut           29%        N/A       100%        7
 Ozocubu's Refrigeration  Ice            29%        4d14      100%        7
 Storm Form               Tmut/Air       29%        N/A       100%        7
 Borgnjor's Revivificati  Necr           29%        N/A       100%        8
 Discord                  Hex            29%        N/A       100%        8
 Dragon's Call            Summ           30%        N/A       100%        9


Dungeon Overview and Level Annotations

Branches:
Dungeon (15/15)            Temple (1/1) D:5            Lair (5/5) D:11
  Swamp (0/4) Lair:3        Snake (2/4) Lair:3        Slime (0/5) Lair:4
    Orc (2/2) D:10            Elf (0/3) Orc:2        Vaults (0/5) D:14
 Depths (0/4) D:15         Bailey (visited)           IceCv (visited)
Volcano (visited)         Gauntlet (visited)

Altars:
Ashenzari
Cheibriados
Dithmenos
Elyvilon
Fedhas
Gozag
Hepliaklqana
Kikubaaqudgha
Makhleb
Nemelex Xobeh
Okawaru
Qazlal
Ru
Sif Muna
Trog
Uskayaw
Vehumet
Wu Jian
Xom
Yredelemnul
Zin
The Shining One
Jiyva

Shops:
D:3 (   D:10 [   Orc:2 ??=[   Snake:1 =:=

Portals:
Pandemonium: Orc:2

Annotations:
D:7 2 transporters, Querens's ghost, novice DECj
Snake:2 Mlioglotl


Innate Abilities, Weirdness & Mutations

You have blades for hands.
Your spellcasting is less reliable in this form.
You are incapable of wielding weapons or throwing items.
You have very sharp teeth.
Your uncanny sense of smell can sniff out nearby items.
Your experience applies equally to all skills.
You are agile. (Dex +4, Str/Int -1)
You expend magic power (3 MP) to strengthen your wands.
You passively dampen the noise of your surroundings.


Message History

Aim: Mlioglotl (spectral mist, severely wounded, strong, inspiring fear)
You miscast Sticky Flame.
Nothing appears to happen.
You are engulfed in spectral mist.
The thrashing horror is engulfed in spectral mist.
The thrashing horror tramples you but does no damage. x2
Mlioglotl churns violently!
Mlioglotl corrupts the dungeon around him!
The large abomination is engulfed in freezing vapours.
The chaos spawn is engulfed in spectral mist.
The chaos spawn dies!
The chaos spawn degenerates into a cloud of primal chaos!
Mlioglotl barely misses you.
Mlioglotl tramples you but does no damage.
The large abomination is engulfed in freezing vapours.
As you read the scroll of teleportation, it crumbles to dust.
You feel strangely unstable.
You are engulfed in spectral mist.
Mlioglotl is engulfed in spectral mist.
Mlioglotl churns violently!
Mlioglotl corrupts the dungeon around him!
A tentacle flies out from the starspawn's body!
A starspawn tentacle comes into view.
Press: ? - help, v - describe, . - travel
Here: Mlioglotl (spectral mist, severely wounded, strong, inspiring fear)
The floor, spattered with blood.
Casting: Sticky Flame (dangerous; 26% risk of failure)
Confirm with . or Enter, or press ? or * to list all spells.
Aiming: Sticky Flame (dangerous; 26% risk of failure)
Press: ? - help, Shift-Dir - straight line, f/p - Mlioglotl
Aim: Mlioglotl (spectral mist, severely wounded, strong, inspiring fear)
The sticky flame hits Mlioglotl!
Mlioglotl is almost dead.
Mlioglotl is covered in liquid flames!
You are engulfed in spectral mist.
Mlioglotl burns!
Mlioglotl misses you. Mlioglotl tramples you!
* * * LOW HITPOINT WARNING * * *
You hold your ground!
The large abomination is engulfed in freezing vapours.
Mlioglotl is engulfed in spectral mist.
Mlioglotl hits you!
* * * LOW HITPOINT WARNING * * *
Mlioglotl tramples you!!
You die...

......##....### ..
..............# ....
..#...#.......####....
.....#.......§........
##...#####.........
#...[#####§X##.### #
.####..#...#...#z#....#.#
#..... #.......#X#☼.....#####
......
#.......#@##......#..####
....##.......##wZ....###.....##
# ...#.......).X#....# #......#
#.#.........#.....# ##......
#.[.........#.....# #####..
###.........#.....##### ##.#
##.##........#.....#...###.##
#..###.......#...#.........##
....####...#.#####..........#


You could see Mlioglotl (strong, scary, burning), a tentacled starspawn
(summoned), a revenant (summoned), a large abomination (summoned), a starspawn
tentacle and a tengu reaver zombie (summoned).

Vanquished Creatures
  Rupert (D:12)
  Asterion (Snake:1)
  Gastronok (Lair:2)
  2 azure jellies (IceCv)
  An emperor scorpion (D:15)
  Aizul (Snake:1)
  An orc warlord (Orc:1)
  A quicksilver ooze (IceCv)
  Nessos (D:12)
  3 dire elephants
  An ettin (Orc:2)
  A fire dragon (Lair:5)
  The ghost of wamuu the Arsonist, a journeyman DsFE of Vehumet (Lair:3)
  Erolcha (D:12)
  An entropy weaver (shapeshifter) (D:14)
  3 hydras
  Harold (Lair:2)
  3 demonspawn (Orc:2)
  A centaur warrior (D:13)
  3 boulder beetles
  2 anacondas (Snake:1)
  A dancing weapon (Volcano)
  The ghost of kerekes the Tainter, a novice DrVM of Vehumet (D:9)
  3 two-headed ogres
  6 death yaks
  2 naga sharpshooters (Snake:1)
  A shock serpent (Snake:1)
  3 orc high priests (Orc:2)
  A fire crab (Gauntlet)
  5 skeletal warriors (D:13)
  3 sea snakes (Snake:1)
  A naga ritualist (Snake:1)
  A swamp dragon (Lair:5)
  9 orc knights
  6 wizards
  An oklob plant (Gauntlet)
  3 lindwurms
  6 mana vipers (Snake:1)
  4 manticores
  8 orc sorcerers (Orc:2)
  3 deep elf pyromancers
  3 cyclopes
  2 salamanders (Snake:1)
  A guardian serpent (D:15)
  2 ice statues (IceCv)
  2 rust devils (Orc:2)
  4 naga magi (Snake:1)
  Maurice (D:9)
  15 black mambas
  12 elephants
  5 toenail golems (Volcano)
  2 torpor snails
  An orange demon (Orc:1)
  2 smoke demons (Orc:2)
  2 gargoyles
  3 unseen horrors
  13 cane toads
  9 rime drakes
  An efreet (D:13)
  A cane toad (shapeshifter) (D:15)
  5 komodo dragons
  3 kobold demonologists
  6 trolls
  3 meliai
  3 polar bears
  8 dream sheep (Lair:5)
  13 blink frogs
  16 slime creatures
  5 wyverns
  A centaur simulacrum (Gauntlet)
  A shadow (D:12)
  2 fire elementals (D:13)
  55 yaks
  2 wraiths
  2 steam dragons (Lair:5)
  3 fire bats (Gauntlet)
  A golden eye (shapeshifter) (D:13)
  An unseen horror simulacrum (D:9)
  3 basilisks (Lair:5)
  4 humans (D:14)
  3 swamp worms (Lair:3)
  2 wargs (Orc:1)
  8 vampire mosquitoes
  12 nagas
  3 acid dragons
  A hydra simulacrum (Gauntlet)
  7 water moccasins
  42 orc warriors
  2 sky beasts
  A meliai simulacrum (Gauntlet)
  4 great orb of eyes simulacra (IceCv)
  5 ice beasts
  8 ogres
  2 wolves
  4 centaurs (D:13)
  6 slime creature simulacra (IceCv)
  2 phantoms
  A kobold brigand (D:10)
  9 bullfrogs
  A gnoll sergeant (D:9)
  2 necrophages (D:7)
  4 glowing shapeshifter simulacra (IceCv)
  2 scorpions
  13 wights
  29 killer bees
  2 howler monkeys (D:13)
  13 electric eels
  6 lava snakes
  2 hounds (D:5)
  5 jellies
  28 orc priests
  3 gnoll boudas
  Jessica (D:2)
  4 iguanas
  20 orc wizards
  4 hell rats (Lair:2)
  4 shapeshifter simulacra (IceCv)
  13 adders
  22 gnolls
  2 shadow imps (D:5)
  17 white imps
  2 ufetubi
  3 worms (D:2)
  2 dart slugs
  63 orcs
  9 ball pythons
  10 endoplasms
  2 giant cockroaches
  17 goblins
  9 hobgoblins
  5 jackals
  5 quokkas
  6 bats
  3 frilled lizards
  12 kobolds
  4 rats
  A bush (Lair:5)
  A fire vortex (D:14)
790 creatures vanquished.

Vanquished Creatures (collateral kills)
  Kirke (D:14)
  A minotaur (Gauntlet)
  Snorg (D:14)
  2 centaur warriors (D:14)
  A two-headed ogre (D:14)
  Urug (D:14)
  12 humans (D:14)
  6 hogs (D:14)
  3 orcs
28 creatures vanquished.

Vanquished Creatures (others)
  2 wizards (D:13)
  Ijyb (D:3)
  An orc wizard (Orc:2)
  A shapeshifter simulacrum (IceCv)
  A goblin (Bailey)
  A hobgoblin (Bailey)
  A quokka (D:10)
  A demonic plant (Gauntlet)
  13 fungi
  55 plants
77 creatures vanquished.

Grand Total: 895 creatures vanquished

Notes
Turn   | Place    | Note
-------+----------+-------------------------------------------
     0 | D:1      | Ignak the Gnoll Hedge Wizard began the quest for the Orb.
     0 | D:1      | Reached XP level 1. HP: 13/13 MP: 8/8
   271 | D:1      | Reached XP level 2. HP: 20/20 MP: 10/10
   605 | D:1      | Learned a level 2 spell: Ensorcelled Hibernation
   608 | D:1      | Learned a level 2 spell: Blink
   611 | D:1      | Learned a level 2 spell: Call Imp
   920 | D:2      | Reached XP level 3. HP: 14/25 MP: 8/11
  1141 | D:2      | Identified the +5 dagger of the End {vamp, rPois SInv}
  1185 | D:2      | Reached skill level 1 in Invocations
  1195 | D:2      | Reached skill level 1 in Fighting
  1195 | D:2      | Reached skill level 1 in Short Blades
  1195 | D:2      | Reached skill level 1 in Long Blades
  1195 | D:2      | Reached skill level 1 in Axes
  1195 | D:2      | Reached skill level 1 in Maces & Flails
  1195 | D:2      | Reached skill level 1 in Polearms
  1195 | D:2      | Reached skill level 1 in Staves
  1195 | D:2      | Reached skill level 1 in Ranged Weapons
  1195 | D:2      | Reached skill level 1 in Throwing
  1195 | D:2      | Reached skill level 1 in Armour
  1195 | D:2      | Reached skill level 1 in Shields
  1195 | D:2      | Reached skill level 1 in Unarmed Combat
  1195 | D:2      | Reached skill level 1 in Evocations
  1353 | D:2      | Found a faded altar of an unknown god.
  1389 | D:2      | Noticed Jessica
  1401 | D:2      | Reached XP level 4. HP: 32/32 MP: 8/13
  1408 | D:2      | Killed Jessica
  1409 | D:2      | Reached skill level 1 in Hexes
  1409 | D:2      | Reached skill level 1 in Necromancy
  1409 | D:2      | Reached skill level 1 in Transmutations
  1409 | D:2      | Reached skill level 1 in Fire Magic
  1409 | D:2      | Reached skill level 1 in Ice Magic
  1409 | D:2      | Reached skill level 1 in Air Magic
  1409 | D:2      | Reached skill level 1 in Earth Magic
  1409 | D:2      | Reached skill level 1 in Poison Magic
  1427 | D:2      | Learned a level 3 spell: Mephitic Cloud
  1434 | D:2      | Learned a level 4 spell: Anguish
  1901 | D:3      | Reached XP level 5. HP: 37/37 MP: 11/14
  1976 | D:3      | Noticed Ijyb
  2017 | D:3      | Killed Ijyb
  2154 | D:3      | Reached XP level 6. HP: 44/44 MP: 5/16
  2249 | D:3      | Found Tyec's Antique Weapon Boutique.
  2522 | D:3      | Reached skill level 5 in Dodging
  2760 | D:3      | Identified the +1 ring mail of Wasted Space {MP+9 Int+3}
  3024 | D:4      | Learned a level 3 spell: Ozocubu's Armour
  3136 | D:4      | Reached XP level 7. HP: 48/51 MP: 18/18
  3438 | D:4      | Reached skill level 5 in Stealth
  3865 | D:5      | Entered Level 5 of the Dungeon
  4078 | D:5      | Found a staircase to the Ecumenical Temple.
  4092 | Temple   | Entered the Ecumenical Temple
  4105 | Temple   | Became a worshipper of Sif Muna the Loreminder
  4256 | D:5      | Reached XP level 8. HP: 54/58 MP: 19/19
  4536 | D:5      | Found a burning altar of Makhleb.
  4536 | D:5      | Noticed a balrug
  4613 | D:5      | Reached skill level 8 in Spellcasting
  5314 | D:6      | Found a sparkling altar of Nemelex Xobeh.
  5724 | D:6      | Noticed a troll
  5738 | D:6      | Killed a troll
  5739 | D:6      | Reached XP level 9. HP: 64/65 MP: 21/21
  5750 | D:6      | Learned a level 4 spell: Cause Fear
  6274 | D:7      | Found a transporter.
  6278 | D:7      | Noticed Querens's ghost (novice DECj)
  6526 | D:7      | Found a transporter.
  6669 | D:7      | Reached skill level 5 in Invocations
  6709 | D:7      | Found a glowing silver altar of Zin.
  6888 | D:7      | Learned a level 4 spell: Dispel Undead
  6970 | D:7      | Reached * piety under Sif Muna
  7187 | D:8      | Identified a scroll of acquirement
  7192 | D:8      | Acquired a +0 helmet of see invisible
  7248 | D:8      | Noticed a troll
  7280 | D:8      | Reached skill level 5 in Fighting
  7280 | D:8      | Reached skill level 5 in Short Blades
  7280 | D:8      | Reached skill level 5 in Long Blades
  7280 | D:8      | Reached skill level 5 in Axes
  7280 | D:8      | Reached skill level 5 in Maces & Flails
  7280 | D:8      | Reached skill level 5 in Polearms
  7280 | D:8      | Reached skill level 5 in Staves
  7280 | D:8      | Reached skill level 5 in Ranged Weapons
  7280 | D:8      | Reached skill level 5 in Throwing
  7280 | D:8      | Reached skill level 5 in Armour
  7280 | D:8      | Reached skill level 5 in Shields
  7280 | D:8      | Reached skill level 5 in Unarmed Combat
  7280 | D:8      | Reached skill level 5 in Evocations
  7280 | D:8      | Reached XP level 10. HP: 19/74 MP: 18/22
  7304 | D:8      | Reached skill level 9 in Spellcasting
  7539 | D:8      | Learned a level 4 spell: Flame Wave
  7731 | D:9      | Found a flagged portal.
  7757 | Bailey   | Entered a bailey
  7828 | Bailey   | Noticed an orc knight
  7836 | Bailey   | Reached ** piety under Sif Muna
  7875 | Bailey   | Killed an orc knight
  7876 | Bailey   | Reached skill level 5 in Conjurations
  7876 | Bailey   | Reached skill level 5 in Summonings
  7876 | Bailey   | Reached skill level 5 in Translocations
  8006 | Bailey   | Noticed an orc knight
  8035 | Bailey   | Killed an orc knight
  8163 | Bailey   | Noticed a kobold demonologist
  8168 | Bailey   | Noticed a smoke demon
  8174 | Bailey   | Noticed a rust devil
  8175 | Bailey   | Noticed a sun demon
  8175 | Bailey   | Killed a kobold demonologist
  8278 | Bailey   | Acquired the amulet "Nuleu" {RegenMP Str+5 Int+4}
  8332 | Bailey   | Found an iron altar of Okawaru.
  8569 | Bailey   | Noticed an orc knight
  8576 | Bailey   | Killed an orc knight
  8579 | Bailey   | Reached skill level 5 in Hexes
  8579 | Bailey   | Reached skill level 5 in Necromancy
  8579 | Bailey   | Reached skill level 5 in Transmutations
  8579 | Bailey   | Reached skill level 5 in Fire Magic
  8579 | Bailey   | Reached skill level 5 in Ice Magic
  8579 | Bailey   | Reached skill level 5 in Air Magic
  8579 | Bailey   | Reached skill level 5 in Earth Magic
  8579 | Bailey   | Reached skill level 5 in Poison Magic
  8615 | Bailey   | Reached XP level 11. HP: 67/81 MP: 11/24
  8733 | Bailey   | Noticed an orc sorcerer
  8738 | Bailey   | Noticed a sun demon
  8813 | D:9      | Noticed Maurice
  8824 | D:9      | Killed Maurice
  8847 | D:9      | Found a runed translucent gate.
  8848 | D:9      | Found a runed translucent gate.
  8849 | D:9      | Found a runed translucent gate.
  8849 | D:9      | Noticed kerekes's ghost (novice DrVM)
  9045 | D:9      | Learned a level 4 spell: Sticky Flame
  9423 | D:9      | Reached *** piety under Sif Muna
  9795 | D:9      | Killed kerekes's ghost
  9850 | D:10     | Entered Level 10 of the Dungeon
  9850 | D:10     | Found Suylim's Armour Boutique.
 10104 | D:10     | Reached **** piety under Sif Muna
 10115 | D:10     | Reached skill level 10 in Spellcasting
 10204 | D:10     | Found a white marble altar of Elyvilon.
 10281 | D:10     | Found a staircase to the Orcish Mines.
 10362 | D:10     | Found a shadowy altar of Dithmenos.
 10698 | D:11     | Noticed a cyclops
 10705 | D:11     | Killed a cyclops
 10761 | D:11     | Noticed a death yak
 10762 | D:11     | Noticed a death yak
 10766 | D:11     | Noticed a death yak
 10768 | D:11     | Noticed a two-headed ogre
 10776 | D:11     | Reached XP level 12. HP: 85/91 MP: 15/26
 10784 | D:11     | Killed a death yak
 10794 | D:11     | Killed a death yak
 10805 | D:11     | Killed a two-headed ogre
 10806 | D:11     | Killed a death yak
 10812 | D:11     | Reached XP level 13. HP: 43/98 MP: 27/27
 10815 | D:11     | Gained mutation: You expend magic power (3 MP) to
                  | strengthen your wands. [potion of mutation]
 10815 | D:11     | Gained mutation: You are agile. (Dex +4, Str/Int -1)
                  | [potion of mutation]
 10815 | D:11     | Gained mutation: You passively dampen the noise of your
                  | surroundings. [potion of mutation]
 10939 | D:11     | Found a staircase to the Lair.
 11341 | D:12     | Noticed Rupert
 11362 | D:12     | Reached skill level 11 in Spellcasting
 11445 | D:12     | Noticed Erolcha
 11449 | D:12     | Killed Erolcha
 11677 | D:12     | Noticed Nessos
 11688 | D:12     | Killed Nessos
 11811 | D:12     | Killed Rupert
 12042 | Orc:1    | Entered Level 1 of the Orcish Mines
 12102 | Orc:2    | Entered Level 2 of the Orcish Mines
 12155 | Orc:1    | Noticed an orc warlord
 12161 | Orc:1    | Reached skill level 10 in Dodging
 12181 | Orc:2    | Reached XP level 14. HP: 81/106 MP: 8/29
 12197 | Orc:1    | Killed an orc warlord
 12309 | Orc:1    | Reached ***** piety under Sif Muna
 12625 | Orc:2    | Found a staircase to the Elven Halls.
 12772 | Orc:2    | Found Lecaetz's Magic Scroll Emporium.
 12773 | Orc:2    | Found Rulehana's Magic Scroll Shoppe.
 12782 | Orc:2    | Received a gift from Sif Muna
 12790 | Orc:2    | Reached skill level 10 in Stealth
 12938 | Orc:2    | Got Sif Muna's Handbook of Evil Outbursts {god gift}
 12945 | Orc:2    | Learned a level 5 spell: Arcjolt
 13046 | Orc:2    | Bought a scroll of blinking for 97 gold pieces
 13048 | Orc:2    | Bought a scroll of teleportation for 42 gold pieces
 13048 | Orc:2    | Bought a scroll of teleportation for 42 gold pieces
 13048 | Orc:2    | Bought a scroll of blinking for 105 gold pieces
 13048 | Orc:2    | Bought a scroll of teleportation for 42 gold pieces
 13048 | Orc:2    | Bought a scroll of teleportation for 42 gold pieces
 13368 | Orc:2    | Reached skill level 10 in Invocations
 13537 | Orc:2    | Found a one-way gate leading to the halls of Pandemonium.
 13537 | Orc:2    | Found Ypebbulyu's Antique Armour Shop.
 13537 | Orc:2    | Found Ceseahaff's Jewellery Boutique.
 13598 | Orc:2    | Learned a level 5 spell: Freezing Cloud
 14238 | Lair:1   | Entered Level 1 of the Lair of Beasts
 14241 | Lair:1   | Identified the ring "Yblaku Umpy" {rF+ rCorr}
 14528 | Lair:1   | Identified the +1 robe "Sepuub" {rN+}
 15089 | Lair:2   | Noticed Harold
 15097 | Lair:2   | Reached skill level 12 in Spellcasting
 15100 | Lair:2   | Killed Harold
 15221 | Lair:2   | Noticed Gastronok
 15244 | Lair:2   | Killed Gastronok
 15758 | Lair:3   | Found a runed translucent door.
 15883 | Lair:3   | Reached XP level 15. HP: 115/115 MP: 24/31
 15941 | Lair:3   | Noticed wamuu's ghost (journeyman DsFE)
 16151 | Lair:3   | Found a staircase to the Snake Pit.
 16294 | Lair:3   | Found a staircase to the Swamp.
 16590 | Lair:3   | Killed wamuu's ghost
 16686 | Lair:4   | Found a viscous altar of Jiyva.
 16690 | Lair:4   | Found a staircase to the Slime Pits.
 16701 | Lair:4   | Received a gift from Sif Muna
 16706 | Lair:4   | Reached skill level 10 in Fighting
 16706 | Lair:4   | Reached skill level 10 in Short Blades
 16706 | Lair:4   | Reached skill level 10 in Long Blades
 16706 | Lair:4   | Reached skill level 10 in Axes
 16706 | Lair:4   | Reached skill level 10 in Maces & Flails
 16706 | Lair:4   | Reached skill level 10 in Polearms
 16706 | Lair:4   | Reached skill level 10 in Staves
 16706 | Lair:4   | Reached skill level 10 in Ranged Weapons
 16706 | Lair:4   | Reached skill level 10 in Throwing
 16706 | Lair:4   | Reached skill level 10 in Armour
 16706 | Lair:4   | Reached skill level 10 in Shields
 16706 | Lair:4   | Reached skill level 10 in Unarmed Combat
 16706 | Lair:4   | Reached skill level 10 in Evocations
 16832 | Lair:4   | Found a dark tunnel.
 16837 | Volcano  | Entered a volcano
 17344 | Lair:4   | Learned a level 5 spell: Blade Hands
 18136 | Lair:5   | Entered Level 5 of the Lair of Beasts
 18362 | Lair:5   | Found a frozen archway.
 18375 | IceCv    | Entered an ice cave
 18564 | IceCv    | Received a gift from Sif Muna
 18732 | IceCv    | Found a viscous altar of Jiyva.
 18732 | IceCv    | Noticed an azure jelly
 18739 | IceCv    | Noticed an azure jelly
 18742 | IceCv    | Killed an azure jelly
 18754 | IceCv    | Killed an azure jelly
 18814 | IceCv    | Identified the +1 ice dragon scales of Vehumet's Delight
                  | {rF- rC++ Stlth+}
 18816 | IceCv    | Identified the ring "Rifopsoism" {rElec rPois AC+4 Str-4
                  | Int-3}
 18819 | IceCv    | Identified the +1 robe "Ypemik" {rF+ rN+ Will+}
 18826 | IceCv    | Identified the +0 cloak "Homeam" {rPois Dex+2}
 19788 | Lair:5   | Reached XP level 16. HP: 122/124 MP: 30/32
 20295 | Lair:5   | Identified the ring of Cievvugiu {rPois rC+++ Will- Str+6}
 20410 | Lair:5   | Received a gift from Sif Muna
 20411 | Lair:5   | Got Sif Muna's Commentary on the Called Tempest {god gift}
 20413 | Lair:5   | Reached skill level 13 in Spellcasting
 21473 | D:13     | Got Sif Muna's Precepts of the Ground and Conflict
 21506 | D:14     | Noticed Urug
 21506 | D:14     | Noticed Snorg
 21506 | D:14     | Found a gate to the Vaults.
 21510 | D:14     | Noticed Kirke
 21516 | D:14     | Killed Snorg
 21521 | D:14     | Killed Urug
 21523 | D:14     | Killed Kirke
 21771 | D:14     | Found a gate leading to a gauntlet.
 21780 | Gauntlet | Entered a Gauntlet
 21780 | Gauntlet | Found a transporter.
 21791 | Gauntlet | Found a transporter.
 21811 | Gauntlet | Found a runed translucent gate.
 21812 | Gauntlet | Found a runed translucent gate.
 21812 | Gauntlet | Found a transporter.
 21813 | Gauntlet | Found a runed translucent gate.
 21815 | Gauntlet | Found a transporter.
 21846 | Gauntlet | Found a transporter.
 21852 | Gauntlet | Found a runed translucent door.
 21859 | Gauntlet | Found a transporter.
 21863 | Gauntlet | Found a transporter.
 21879 | Gauntlet | Found a transporter.
 21889 | Gauntlet | Found a transporter.
 21903 | Gauntlet | Found a transporter.
 21917 | Gauntlet | Found a transporter.
 21917 | Gauntlet | Found a transporter.
 21924 | Gauntlet | Found a transporter.
 22320 | Gauntlet | Identified the +9 whip of Danops {speed, Str+6}
 22418 | Gauntlet | Identified the ring of Zegev {rCorr Str+3 Dex+6}
 22730 | D:14     | Found a sacrificial altar of Ru.
 23104 | D:15     | Entered Level 15 of the Dungeon
 23335 | D:15     | Found a staircase to the Depths.
 23369 | D:15     | Reached skill level 10 in Conjurations
 23369 | D:15     | Reached skill level 10 in Summonings
 23369 | D:15     | Reached skill level 10 in Translocations
 23727 | Snake:1  | Entered Level 1 of the Snake Pit
 23727 | Snake:1  | Noticed Aizul
 23752 | Snake:1  | Killed Aizul
 24113 | Snake:1  | Reached XP level 17. HP: 106/132 MP: 16/34
 24177 | Snake:1  | Found Hoakaic's Jewellery Emporium.
 24177 | Snake:1  | Found Fuischyga's Book Shop.
 24178 | Snake:1  | Found Leggiex's Jewellery Emporium.
 24183 | Snake:1  | Bought the ring of Vivedase {rF+ Will+ Str+3} for 482 gold
                  | pieces
 24198 | Snake:1  | Bought the ring of Jyabuil {Fly rN+ EV+4 Int+3} for 722
                  | gold pieces
 25074 | Snake:1  | Reached skill level 10 in Hexes
 25074 | Snake:1  | Reached skill level 10 in Necromancy
 25074 | Snake:1  | Reached skill level 10 in Transmutations
 25074 | Snake:1  | Reached skill level 10 in Fire Magic
 25074 | Snake:1  | Reached skill level 10 in Ice Magic
 25074 | Snake:1  | Reached skill level 10 in Air Magic
 25074 | Snake:1  | Reached skill level 10 in Earth Magic
 25074 | Snake:1  | Reached skill level 10 in Poison Magic
 25141 | Snake:1  | Identified the +5 kite shield of the Yeti {rC- rN+++
                  | Will+++ Slay-3}
 25141 | Snake:1  | Noticed Asterion
 25155 | Snake:1  | Killed Asterion
 25430 | Snake:2  | Noticed Mlioglotl
 25635 | Snake:2  | Noticed a tentacled starspawn
 25637 | Snake:2  | Slain by Mlioglotl

Illustrated notes

Levels and vault maps discovered:
D:1:      dpeg_arrival_houses_and_road, layout_basic, minmay_tromino_i4
D:2:      layout_loops_ring, serial_aquarium, aquarium_bridge_straight
          [aquarium_subvault_bridge, aquarium_subvault_wall,
          aquarium_subvault_bridge, aquarium_subvault_window],
          aquarium_window_fake, aquarium_window_1, aquarium_window_2,
          aquarium_view_4, aquarium_view_2c, aquarium_pool_corner,
          ebering_ecumenical_altar_webs, dk_noncrumbling_4, uniq_jessica
D:3:      layout_basic, serial_shops, nicolae_shop_hallway_plus,
          minmay_randomly_rotated_circles, uniq_ijyb
D:4:      layout_basic
D:5:      layout_basic, makhleb_altar_promises_db, minmay_temple_entry_glass,
          serial_glass, glass_columns_b, glass_columns_a,
          nicolae_elevator_lobby_asterisk
D:6:      layout_basic, nemelex_spade_bored_becter
D:7:      layout_basic, mainiacjoe_overflow_24_doors,
          gammafunk_ghost_stat_death, nicolae_concentric_dashed_squares_wild,
          kennysheep_generic_room_15
D:8:      cheibrodos_quashed, layout_cave_pools, dreamdust_wishing_well
D:9:      layout_loops_ring, ebering_ghost_rock_garden, enter_bailey_2,
          serial_ice, serial_ice_b, serial_ice_n, serial_ice_f, serial_ice_l,
          uniq_maurice
D:10:     layout_loops_ring, elyvilon_altar_4,
          mainiacjoe_overflow_six_doors_small, david_orc_2, serial_shops, shop
D:11:     layout_roguey, dpeg_lair_monsters, roderic_roman_lattice
D:12:     layout_rooms, uniq_nessos, uniq_erolcha, uniq_rupert
D:13:     cheibrodos_lost_city_excavation, layout_rooms,
          nicolae_straight_to_the_point
D:14:     layout_loops_cross, david_vaults_3, gauntlet_entry_generic,
          grunt_decor_junction, nicolae_ru_great_annihilating_truth, uniq_kirke,
          uniq_snorg
D:15:     hangedman_depths_entry_try_elsewhere_first, layout_loops_cross,
          hangedman_decor_clover_reticule, nrook_guardian_serpent_ordinary
Temple:   sentei_temple_godly_chess
Lair:1:   layout_misc_corridors, wad_woods_03, serial_bayou_shore_b
Lair:2:   layout_loops_ring, uniq_gastronok, uniq_harold
Lair:3:   layout_regular_city, minmay_swamp_entry_worms,
          minmay_snake_entry_guardpost_small, ebering_ghost_reflecting_pool,
          chequers_serial_rivers_micro_e
Lair:4:   layout_cave_shapes, nicolae_slime_entry_slimehenge,
          nicolae_volcano_entry_lava_flow
Lair:5:   hangedman_lair_in_review, layout_regular_city,
          guppyfry_lair_end_dragon, portal_ice_cave_entry_imps,
          nicolae_lair_liquid_snakes, lemuel_fruit_tree
Snake:1:  layout_onion_interference, drop_trap, minmay_shop_grove,
          grunt_megastairs_5, serial_bayou_shore_a, uniq_asterion, uniq_aizul
Snake:2:  layout_chambers, uniq_mlioglotl
Orc:1:    layout_caves
Orc:2:    pf_orc_diabolical, layout_caves

Skill      XL: |  1  2  3  4  5  6  7  8  9 10 11 12 13 14 15 16 17 |
---------------+----------------------------------------------------+-----
Conjurations   | 2 3 4 5 6 7 8 9 10 | 10.2
Summonings     | 2 3 4 5 6 7 8 9 10 | 10.2
Translocations | 2 3 4 5 6 7 8 9 10 | 10.2
Invocations    | 1 2 3 4 5 6 7 8 9 10 11 12 | 12.8
Fighting       | 1 2 3 4 5 6 7 8 9 10 11 | 11.8
Short Blades   | 1 2 3 4 5 6 7 8 9 10 11 | 11.8
Long Blades    | 1 2 3 4 5 6 7 8 9 10 11 | 11.8
Axes           | 1 2 3 4 5 6 7 8 9 10 11 | 11.8
Maces & Flails | 1 2 3 4 5 6 7 8 9 10 11 | 11.8
Polearms       | 1 2 3 4 5 6 7 8 9 10 11 | 11.8
Staves         | 1 2 3 4 5 6 7 8 9 10 11 | 11.8
Ranged Weapons | 1 2 3 4 5 6 7 8 9 10 11 | 11.8
Throwing       | 1 2 3 4 5 6 7 8 9 10 11 | 11.8
Armour         | 1 2 3 4 5 6 7 8 9 10 11 | 11.8
Shields        | 1 2 3 4 5 6 7 8 9 10 11 | 11.8
Unarmed Combat | 1 2 3 4 5 6 7 8 9 10 11 | 11.8
Evocations     | 1 2 3 4 5 6 7 8 9 10 11 | 11.8
Hexes          | 1 2 3 4 5 6 7 8 9 10 | 10.0
Necromancy     | 1 2 3 4 5 6 7 8 9 10 | 10.0
Transmutations | 1 2 3 4 5 6 7 8 9 10 | 10.0
Fire Magic     | 1 2 3 4 5 6 7 8 9 10 | 10.0
Ice Magic      | 1 2 3 4 5 6 7 8 9 10 | 10.0
Air Magic      | 1 2 3 4 5 6 7 8 9 10 | 10.0
Earth Magic    | 1 2 3 4 5 6 7 8 9 10 | 10.0
Poison Magic   | 1 2 3 4 5 6 7 8 9 10 | 10.0
Dodging        | 5 6 7 8 9 10 11 12 | 12.6
Stealth        | 5 6 7 8 9 10 11 12 | 12.5
Spellcasting   | 8 9 10 11 12 13 | 13.6

Action                   |  1- 3 |  4- 6 |  7- 9 | 10-12 | 13-15 | 16-18 || total
-------------------------+-------+-------+-------+-------+-------+-------++-------
Melee: Dagger            |    56 |   152 |   361 |   442 |   494 |   257 ||  1762
       Bite              |     4 |     9 |    36 |    60 |   100 |    62 ||   271
       Punch             |     1 |     1 |    17 |    17 |     1 |     4 ||    41
       Flail             |       |       |       |       |    12 |       ||    12
       Trident           |       |       |       |       |   105 |       ||   105
       Unarmed           |       |       |       |       |    10 |    70 ||    80
       Whip              |       |       |       |       |       |    48 ||    48
Throw: Dart              |       |       |       |     6 |     1 |       ||     7
 Cast: Magic Dart        |     6 |       |     7 |     4 |     3 |       ||    20
       Ensorcelled Hiber |    12 |    18 |    20 |     2 |   186 |   108 ||   346
       Mephitic Cloud    |       |     6 |    14 |    32 |     8 |     1 ||    61
       Call Imp          |       |     1 |    20 |     3 |     3 |       ||    27
       Ozocubu's Armour  |       |     1 |     3 |     2 |    16 |    12 ||    34
       Blink             |       |       |     5 |     7 |    16 |    17 ||    45
       Flame Wave        |       |       |       |    39 |    43 |    11 ||    93
       Anguish           |       |       |       |     3 |     6 |       ||     9
       Dispel Undead     |       |       |       |     5 |    27 |    15 ||    47
       Sticky Flame      |       |       |       |       |    20 |    20 ||    40
       Dispersal         |       |       |       |       |     1 |       ||     1
       Arcjolt           |       |       |       |       |    42 |    20 ||    62
       Freezing Cloud    |       |       |       |       |     6 |     4 ||    10
       Blade Hands       |       |       |       |       |     1 |    12 ||    13
       Dragon's Call     |       |       |       |       |       |     2 ||     2
Invok: Channel Magic     |       |       |       |     3 |     2 |     1 ||     6
       Divine Exegesis   |       |       |       |       |     1 |     2 ||     3
       Forget Spell      |       |       |       |       |     1 |       ||     1
Evoke: Wand              |       |       |       |     3 |     9 |     2 ||    14
  Use: Potion            |       |     4 |     7 |     3 |     1 |       ||    15
       Scroll            |       |     4 |    10 |     4 |    11 |     2 ||    31
 Stab: Sleeping          |     7 |     9 |    20 |     8 |   132 |    67 ||   243
       Invisible         |       |     4 |       |       |       |     1 ||     5
       Distracted        |       |       |     2 |     1 |       |     1 ||     4
       Confused          |       |       |     5 |    19 |     4 |       ||    28
       Paralysed         |       |       |       |       |     2 |       ||     2
Armor: Robe              |     7 |     9 |       |       |       |       ||    16
       Ring mail         |       |     7 |   140 |     1 |       |       ||   148
       Troll leather arm |       |       |       |   145 |   307 |   153 ||   605
       Ice dragon scales |       |       |       |       |       |    16 ||    16
Dodge: Dodged            |    41 |    92 |   264 |   355 |   526 |   276 ||  1554
Block: Buckler           |       |       |       |    65 |   197 |       ||   262
       Kite shield       |       |       |       |       |    95 |   276 ||   371

Table legend: (Time is in decaauts)
 A = Elapsed time spent in this place.
 B = Non-inter-level travel time spent in this place.
 C = Inter-level travel time spent in this place.
 D = Time resting spent in this place.
 E = Time spent auto-exploring this place.
 F = Levels seen in this place.
 G = Mean time per level.
                   A        B        C        D        E       F      G
               +--------+--------+--------+--------+--------+-----+--------+
         Total |  25102 |  24123 |    979 |   1364 |  12936 |  29 |  865.6 |
       Dungeon |  13009 |  12458 |    551 |    626 |   7350 |  15 |  867.3 |
        Temple |     18 |     18 |      0 |      0 |      0 |   1 |   18.0 |
          Lair |   5352 |   5059 |    293 |    126 |   3292 |   5 | 1070.4 |
     Snake Pit |   1862 |   1798 |     64 |    211 |   1015 |   2 |  931.0 |
  Orcish Mines |   2089 |   2019 |     70 |    176 |    651 |   2 | 1044.5 |
        Bailey |    974 |    974 |      0 |    105 |    335 |   1 |  974.0 |
      Ice Cave |    680 |    680 |      0 |    110 |    164 |   1 |  680.0 |
       Volcano |    404 |    404 |      0 |      0 |     98 |   1 |  404.0 |
      Gauntlet |    710 |    710 |      0 |     10 |     29 |   1 |  710.0 |
               +--------+--------+--------+--------+--------+-----+--------+

Top non-repeatable levels by time:
  Lair:5: 1631 daAuts
 Snake:1: 1600 daAuts
   Orc:2: 1515 daAuts
     D:5: 1219 daAuts
  Lair:4: 1202 daAuts
     D:2: 1110 daAuts
     D:9: 1073 daAuts
  Bailey: 974 daAuts
     D:7: 973 daAuts
     D:6: 971 daAuts
     D:4: 959 daAuts
     D:3: 948 daAuts
  Lair:2: 936 daAuts
  Lair:3: 906 daAuts
    D:14: 898 daAuts
